 Dungeon Crawl Stone Soup version 0.31.0-1-g2c135a0 (webtiles) character file.

Game seed: 9509777476723936697

106 grguerra the Covered (level 4, -1/40 HPs)
             Began as a Minotaur Fighter on Jan 24, 2024.
             Slain by a water moccasin (7 damage)
             ... on level 6 of the Dungeon.
             The game lasted 00:03:23 (2244 turns).

grguerra the Covered (Minotaur Fighter)             Turns: 2244, Time: 00:03:24

Health: -1/40      AC:  7    Str: 22    XL:     4   Next: 55%
Magic:  3/3        EV:  9    Int:  5    God:
Gold:   149        SH:  4    Dex: 10    Spells: 3/3 levels left

rFire   . . .        a - +0 war axe
rCold   . . .        c - +0 buckler
rNeg    . . .        b - +0 scale mail
rPois   .            (helmet restricted)
rElec   .            (no cloak)
rCorr   .            (no gloves)
SInv    .            (no boots)
Will    .....        (no amulet) Stlth
                     (no ring)
HPRegen 0.26/turn    (no ring)
MPRegen 0.08/turn

%: no passive effects
@: mighty
A: horns 2, retaliatory headbutt
a: no special abilities


You were on level 6 of the Dungeon.
You visited 1 branch of the dungeon, and saw 4 of its levels.

You collected 149 gold pieces.

Inventory:

Hand Weapons
 a - a +0 war axe (weapon)
Missiles
 j - 2 throwing nets (quivered)
Armour
 b - a +0 scale mail (worn)
 c - a +0 buckler (worn)
Jewellery
 f - a ring of protection from fire
 g - a ring of positive energy
Scrolls
 e - a scroll of teleportation
 i - a scroll of noise {unknown}
 k - a scroll of identify {unknown}
 l - a scroll of vulnerability {unknown}


   Skills:
 + Level 4.2 Fighting
 + Level 3.8 Axes
 + Level 4.7 Armour
 + Level 1.0 Dodging
 + Level 4.0 Shields


You had 3 spell levels left.
You didn't know any spells.
Your spell library contained the following spells:

 Spells                   Type           Power      Damage    Failure   Level
 Slow                     Hex            0%         N/A       86%         1
 Confusing Touch          Hex            0%         N/A       99%         3
 Fugue of the Fallen      Necr           0%         N/A       99%         3
 Ozocubu's Armour         Ice            0%         N/A       99%         3
 Sigil of Binding         Hex            0%         N/A       99%         3
 Vampiric Draining        Necr           0%         2d6       99%         3
 Leda's Liquefaction      Alch/Erth      0%         N/A       100%        4
 Manifold Assault         Tloc           0%         N/A       100%        4
 Lee's Rapid Deconstruct  Erth           0%         3d4*      100%        5
 Bombard                  Conj/Erth      0%         9d1       100%        6


Dungeon Overview and Level Annotations

Branches:
Dungeon (3/15)

Altars:

Shops:
D:2 *


Innate Abilities, Weirdness & Mutations

You have a pair of horns on your head.
You reflexively headbutt those who attack you in melee.


Message History

There are monsters nearby!
You miss the water moccasin.
Your headbutt misses the water moccasin.
The water moccasin is lightly wounded.
You hit the gnoll.
You feel very sick. The water moccasin bites you!
The gnoll hits you with a +0 club. You block the water moccasin's attack.
There are monsters nearby!
You are too injured to fight recklessly!
There are monsters nearby!
You are too injured to fight recklessly!
There are monsters nearby!
You are too injured to fight recklessly!
There are monsters nearby!
You are too injured to fight recklessly!
There are monsters nearby!
You are too injured to fight recklessly!
There are monsters nearby!
You are too injured to fight recklessly!
There are monsters nearby!
You are too injured to fight recklessly!
It was a potion of curing.
You feel better. The water moccasin bites you. The gnoll closely misses you.
You feel very mighty all of a sudden. The water moccasin bites you.
The gnoll hits you with a +0 club. The water moccasin bites you.
You hit the gnoll. Your headbutt misses the gnoll.
The gnoll is severely wounded.
You closely miss the water moccasin. The water moccasin bites you.
* * * LOW HITPOINT WARNING * * *
The gnoll hits you with a +0 club.
* * * LOW HITPOINT WARNING * * *
You closely miss the gnoll.
The gnoll is severely wounded.
You barely miss the water moccasin. You block the water moccasin's attack.
The gnoll hits you with a +0 club.
* * * LOW HITPOINT WARNING * * *
The water moccasin bites you!
You die...

...####.##..# # #
............#.# .
#######.##..... #.
...#.##.###.
##.#####(#..........
...........##.#... .
####........##.#.
.....!......<.....
......g@....######
.##...S)....#
#.........#
#.....(...#
...######### ..## #


You could see a water moccasin and a gnoll.

Vanquished Creatures
  3 gnolls (D:6)
  2 adders (D:2)
  A dart slug (D:2)
  4 orcs (D:3)
  9 bats
  7 endoplasms
  A giant cockroach (D:2)
  3 goblins (D:1)
  4 hobgoblins
  2 quokkas
  5 frilled lizards
  9 kobolds
  4 rats
54 creatures vanquished.

Notes
Turn   | Place    | Note
-------+----------+-------------------------------------------
     0 | D:1      | grguerra the Minotaur Fighter began the quest for the Orb.
     0 | D:1      | Reached XP level 1. HP: 19/19 MP: 0/0
     6 | D:1      | Noticed an oni
     8 | D:1      | Noticed a felid
    14 | D:1      | Noticed a barachi
    18 | D:1      | Noticed an oni
    20 | D:1      | Noticed a vine stalker
    22 | D:1      | Noticed a gargoyle
   274 | D:1      | Reached XP level 2. HP: 27/27 MP: 1/1
  1293 | D:2      | Reached XP level 3. HP: 33/33 MP: 2/2
  1610 | D:2      | Found Zextyd's Assorted Antiques.
  2076 | D:3      | Reached XP level 4. HP: 32/40 MP: 3/3
  2213 | D:3      | You fall into a shaft and drop 3 floors!
  2233 | D:6      | Noticed a water moccasin
  2236 | D:6      | Reached skill level 1 in Dodging
  2244 | D:6      | Slain by a water moccasin

Illustrated notes

Levels and vault maps discovered:
D:1:      shiori_arrival_whats_in_store_for_you, layout_loops_corners
D:2:      layout_basic, serial_shops, nicolae_shop_overgrown_old_shop,
          minmay_crystal_room
D:3:      layout_basic, shapermc_ecumenical_altar_ellora, kennysheep_path_1,
          minmay_hedge_maze
D:6:      layout_basic, gup_sewer_entry_pipe, nicolae_letterblocks
          [nicolae_letter_subblock, nicolae_letter_subblock,
          nicolae_letter_subblock, nicolae_letter_subblock,
          nicolae_letter_subblock, nicolae_letter_subblock,
          nicolae_letter_subblock, nicolae_letter_subblock,
          nicolae_letter_subblock, nicolae_letter_subblock,
          nicolae_letter_subblock, nicolae_letter_subblock,
          nicolae_letter_subblock, nicolae_letter_subblock,
          nicolae_letter_subblock, nicolae_letter_subblock,
          nicolae_letter_subblock, nicolae_letter_subblock,
          nicolae_letter_subblock, nicolae_letter_subblock,
          nicolae_letter_subblock, nicolae_letter_subblock,
          nicolae_letter_subblock, nicolae_letter_subblock,
          nicolae_letter_subblock], uniq_eustachio, uniq_sigmund,
          uniq_crazy_yiuf_cottage

Skill      XL: |  1  2  3  4 |
---------------+-------------+-----
Armour         | 4 |  4.7
Fighting       | 4 |  4.2
Axes           | 3 |  3.8
Shields        | 4 |  4.0
Dodging        | 1 |  1.0

Action                     |  1- 3 |  4- 6 || total
---------------------------+-------+-------++-------
  Melee: War axe           |    90 |    59 ||   149
         Headbutt          |    12 |    17 ||    29
    Use: Scroll            |     4 |       ||     4
         Potion            |       |     2 ||     2
 Armour: Scale mail        |    58 |    33 ||    91
  Dodge: Dodged            |    39 |    13 ||    52
  Block: Buckler           |    23 |     5 ||    28
